 Dungeon Crawl Stone Soup version 0.20.1-1-g8b1a95d (webtiles) character file.

84 slep the Slasher (level 4, 0/33 HPs)
             Began as a Demonspawn Gladiator on Dec 27, 2017.
             Slain by an orc priest
             ... wielding a +0 war axe
              (5 damage)
             ... on level 3 of the Dungeon.
             The game lasted 00:05:09 (1536 turns).

slep the Slasher (Demonspawn Gladiator)             Turns: 1536, Time: 00:05:10

Health: 0/33       AC:  7    Str: 15    XL:     4   Next: 24%
Magic:  0/4        EV: 12    Int: 10    God:
Gold:   104        SH:  0    Dex: 14    Spells: 3/3 levels left

rFire    . . .     SeeInvis .   a - +0 long sword
rCold    . . .     Gourm    .   (no shield)
rNeg     . . .     Faith    .   o - +1 ring mail {rPois}
rPois    +         Spirit   +   c - +0 helmet
rElec    .         Reflect  .   (no cloak)
rCorr    .         Harm     .   (no gloves)
MR       .....                  (no boots)
Stlth    +.........             (no amulet)
Regen    0.2/turn               (no ring)
MPRegen  0.2/turn               (no ring)

@: no status effects
A: magic shield, magic regeneration, magic link
a: no special abilities


You were on level 3 of the Dungeon.
You were not hungry.

You visited 1 branch of the dungeon, and saw 3 of its levels.

You collected 104 gold pieces.

Inventory:

Hand Weapons
 a - a +0 long sword (weapon)
Missiles
 d - 3 throwing nets (quivered)
 k - 23 sling bullets
Armour
 b - a +0 leather armour
 c - a +0 helmet (worn)
 o - a +1 ring mail of poison resistance (worn)
Wands
 n - a wand of iceblast (8/15)
Scrolls
 e - a scroll of remove curse {unknown}
 g - a scroll of fear {unknown}
 i - 5 scrolls of identify {unknown}
 j - a scroll of teleportation {unknown}
 l - 2 scrolls of recharging {unknown}
 m - a scroll of blinking {unknown}
Potions
 h - a potion of flight
Comestibles
 f - 2 bread rations
 p - 4 chunks of flesh


   Skills:
 + Level 2.2 Fighting
 + Level 3.9 Long Blades
 + Level 1.8 Throwing
 + Level 0.8 Armour
 + Level 3.2 Dodging


You had 3 spell levels left.
You didn't know any spells.

Dungeon Overview and Level Annotations

Branches:
Dungeon (3/15)

Altars:
Trog
Xom


Innate Abilities, Weirdness & Mutations

When hurt, damage is shared between your health and your magic reserves.
You regenerate magic rapidly.
When low on magic, you restore magic in place of health.


Message History

The orc priest misses you.
You riposte.
You barely miss the orc priest. The orc wizard hits you with a dagger.
* * * LOW HITPOINT WARNING * * *
The orc hits you but does no damage.
Found a shimmering altar of Xom.
Things that are here:
a jackal corpse x2
Unknown command.
You hit the orc priest.
The orc priest is moderately wounded.
The orc wizard looks braver for a moment.
The orc priest hits you with a war axe.
* * * LOW HITPOINT WARNING * * *
The orc closely misses you. The jackal closely misses you.
The orc wizard misses you.
You riposte.
You hit the orc wizard.
The orc wizard is moderately wounded.
You closely miss the orc priest.
The orc priest is moderately wounded.
The orc priest hits you with a war axe!
You die...

#.#####.##
#.......#
##.#.#..#
#.#....#
#.#.#..#
#......#
###.#).# #.o..#
#.#@##
#..hoo......
...........^...
####....#.._...
......#.^^...
#.#.####......
#.#. #.... # ##
####


You could see an orc priest, an orc wizard, an orc and a jackal.

Vanquished Creatures
  3 adders
  An ooze (D:1)
  A worm (D:2)
  2 dart slugs
  4 orcs (D:3)
  A giant cockroach (D:1)
  4 goblins
  4 hobgoblins
  5 jackals
  3 bats
  2 frilled lizards
  9 kobolds
  5 rats
44 creatures vanquished.

Notes
Turn   | Place    | Note
-------+----------+-------------------------------------------
     0 | D:1      | slep the Demonspawn Gladiator began the quest for the Orb.
     0 | D:1      | Reached XP level 1. HP: 16/16 MP: 1/1
   395 | D:1      | Gained mutation: When hurt, damage is shared between your health and your magic reserves. [demonic ancestry]
   395 | D:1      | Reached XP level 2. HP: 22/22 MP: 2/2
   830 | D:2      | Gained mutation: You regenerate magic rapidly. [demonic ancestry]
   830 | D:2      | Reached XP level 3. HP: 25/27 MP: 1/3
  1067 | D:2      | Found a bloodstained altar of Trog.
  1501 | D:3      | Gained mutation: When low on magic, you restore magic in place of health. [demonic ancestry]
  1501 | D:3      | Reached XP level 4. HP: 32/33 MP: 4/4
  1534 | D:3      | Found a shimmering altar of Xom.
  1536 | D:3      | Slain by an orc priest

Skill      XL: |  1  2 |
---------------+-------+-----
Long Blades    | 3 |  3.9
Dodging        | 3 |  3.2
Fighting       | |  2.2
Throwing       | |  1.8
Armour         | |  0.8

Action                   |  1- 3 |  4- 6 || total
-------------------------+-------+-------++-------
Melee: Long sword        |   115 |    13 ||   128
  Use: Potion            |     2 |       ||     2
  Eat: Chunk             |     2 |       ||     2
Armor: Leather armour    |    28 |       ||    28
       Ring mail         |     1 |     5 ||     6
Dodge: Dodged            |    88 |    12 ||   100
       Rpst.: Long sword |    26 |     4 ||    30
